 Dungeon Crawl Stone Soup version 0.30-a0-748-ge6a52f7cba (webtiles) character file.

Game seed: 13026132406994249925

1844913 DavidChitty2 the Conqueror (level 26, 239/239 HPs)
             Began as a Minotaur Fighter on Feb 8, 2023.
             Was an Elder of Okawaru.
             Escaped with the Orb
             ... and 3 runes!
             The game lasted 01:44:42 (57137 turns).

DavidChitty2 the Conqueror (Minotaur Fighter)      Turns: 57137, Time: 01:44:42

Health: 239/239    AC: 56    Str: 39 (40) XL:     26   Next: 47%
Magic:  29/29      EV: 20    Int:  9      God:    Okawaru [****..]
Gold:   5441       SH: 36    Dex: 20 (21) Spells: 24/31 levels left

rFire   + . .      SeeInvis +    a - +10 demon trident "Kulaoth" {drain, Will+ Str+3 Int+3 Dex+2}
rCold   + + +      Faith    .    o - +5 tower shield
rNeg    . . .      Spirit   .    T - +13 crystal plate armour of Hairiness {rC+ Str+3 Dex+2}
rPois   +          Reflect  +    n - +2 hat {Stlth+}
rElec   +          Harm     .    e - scarf {rC+ rF+}
rCorr   .          Rampage  .    U - +0 pair of gloves "Asuhi Supn" {rElec rPois Int+3 Dex+3}
Will    ++...                    E - +2 pair of boots {Fly} Stlth
                                 O - amulet of reflection
HPRegen 0.59/turn                H - ring of the Past {rElec rC+ Str+5 Slay-3 SInv}
MPRegen 0.21/turn                R - ring of Fuoruer {Contam AC+4 Slay+5 Stlth+, =R}

@: flying, studying 3 skills
A: horns 2, retaliatory headbutt, hooves 1, dopey 1, frail 1, low MP 1, wild
magic 1, inability to read after injury 1, devolution 1
0: Orb of Zot
}: 3/15 runes: barnacled, silver, gossamer
a: Renounce Religion, Heroism, Finesse


You escaped.
You worshipped Okawaru.
Okawaru was greatly pleased with you.
You visited 9 branches of the dungeon, and saw 45 of its levels.
You visited 1 bazaar.
You also visited: Trove, Bailey, Ice Cave and Desolation.

You collected 9626 gold pieces.
You spent 4185 gold pieces at shops.

Inventory:

Hand Weapons
 a - the +10 demon trident "Kulaoth" (weapon) {drain, Will+ Str+3 Int+3 Dex+2}
   (Okawaru gifted it to you on level 4 of the Lair of Beasts)

   Str:       It affects your strength (+3).
   Int:       It affects your intelligence (+3).
   Dex:       It affects your dexterity (+2).
   Will:      It increases your willpower.
 b - a +3 broad axe of venom
   (Okawaru gifted it to you on level 1 of the Lair of Beasts)
Missiles
 B - 2 throwing nets (quivered) {!f}
Armour
 e - a scarf of resistance (worn)
   (You found it on level 15 of the Dungeon)
 n - a +2 hat of stealth (worn)
   (You found it in the Desolation of Salt)
 o - a +5 tower shield (worn)
   (You took it off a vault guard on level 5 of the Vaults)
 q - the +9 plate armour "Heclimero" {Rampage Regen+}
   (You found it on level 2 of the Dungeon)

   Regen:     It increases your rate of health regeneration.
   Rampage:   It bestows one free step when moving towards enemies.
 E - a +2 pair of boots of flying (worn)
   (You found it in an ice cave)
 N - the +15 Maxwell's patent armour {-Cast -Tele rElec Will+ rCorr}
   (You acquired it on level 4 of the Realm of Zot)

   rElec:     It insulates you from electricity.
   -Cast:     It prevents spellcasting.
   -Tele:     It prevents most forms of teleportation.
   rCorr:     It protects you from acid and corrosion.
   Will:      It increases your willpower.
 T - the +13 crystal plate armour of Hairiness (worn) {rC+ Str+3 Dex+2}
   (Okawaru gifted it to you on level 5 of the Realm of Zot)

   Str:       It affects your strength (+3).
   Dex:       It affects your dexterity (+2).
   rC:        It protects you from cold.
 U - the +0 pair of gloves "Asuhi Supn" (worn) {rElec rPois Int+3 Dex+3}
   (You acquired it on level 4 of the Realm of Zot)

   Int:       It affects your intelligence (+3).
   Dex:       It affects your dexterity (+3).
   rElec:     It insulates you from electricity.
   rPois:     It protects you from poison.
Jewellery
 c - a ring of flight
   (You found it in a treasure trove)
 i - a ring of willpower
   (You found it in a treasure trove)
 t - a ring of resist corrosion
   (You found it on level 4 of the Depths)
 u - the ring "Pofyuj" {*Corrode rElec Will++ Int+6 SInv}
   (You acquired it on level 5 of the Vaults)

   [ring of intelligence]

   Int:       It affects your intelligence (+6).
   rElec:     It insulates you from electricity.
   SInv:      It lets you see invisible.
   *Corrode:  It may corrode you when you take damage.
   Will:      It greatly increases your willpower.
 H - the ring of the Past (left hand) {rElec rC+ Str+5 Slay-3 SInv}
   (You bought it in a shop on level 10 of the Dungeon)

   [ring of protection from cold]

   Str:       It affects your strength (+5).
   Slay:      It affects your accuracy & damage with ranged weapons and melee
   (-3).
   rC:        It protects you from cold.
   rElec:     It insulates you from electricity.
   SInv:      It lets you see invisible.
 O - an amulet of reflection (around neck)
   (You found it on level 11 of the Dungeon)
 R - the ring of Fuoruer (right hand) {Contam AC+4 Slay+5 Stlth+, =R}
   (You found it on level 1 of the Lair of Beasts)

   [ring of protection]

   AC:        It affects your AC (+4).
   Slay:      It affects your accuracy & damage with ranged weapons and melee
   (+5).
   Contam:    It causes magical contamination when unequipped.
   Stlth:     It makes you more stealthy.
Wands
 d - a wand of iceblast (60)
   (You found it in a treasure trove)
 j - a wand of polymorph (5)
   (You found it in a treasure trove)
 p - a wand of quicksilver (23)
   (You found it in a treasure trove)
 v - a wand of digging (18)
   (You found it on level 1 of the Lair of Beasts)
 Q - a wand of mindburst (31)
   (You found it on level 1 of the Lair of Beasts)
Scrolls
 w - 5 scrolls of brand weapon
 z - 7 scrolls of enchant weapon
 A - 6 scrolls of poison {!r}
 F - 10 scrolls of fog
 I - 2 scrolls of silence
 J - 15 scrolls of teleportation {@r4}
 K - 10 scrolls of fear
 S - 2 scrolls of blinking
 W - 2 scrolls of magic mapping
 Y - a scroll of immolation {!r}
Potions
 f - 14 potions of attraction {!q}
 g - 20 potions of haste {@q3}
 h - 8 potions of magic
 k - 2 potions of cancellation
 l - 11 potions of ambrosia
 m - 20 potions of curing {@q1}
 r - 5 potions of mutation {!q}
 s - 6 potions of brilliance
 y - a potion of heal wounds {@q2}
 C - 8 potions of invisibility
 D - 8 potions of lignification {!q}
 G - 8 potions of berserk rage
 L - 12 potions of might
 M - a potion of resistance
 P - 8 potions of flight
Miscellaneous
 X - a condenser vane
   (You found it in the Desolation of Salt)


   Skills:
 O Level 27 Fighting
 - Level 16.0(17.0) Axes
 - Level 9.7(14.0) Polearms
 O Level 27 Armour
 + Level 19.2 Dodging
 O Level 27 Shields
 - Level 3.0 Spellcasting
 - Level 5.0 Transmutations
 - Level 5.0 Earth Magic
 - Level 15.0 Invocations
 - Level 4.2 Evocations


You had 24 spell levels left.
You knew the following spells:

 Your Spells              Type           Power      Damage    Failure   Level
g - Silence               Hex/Air        0%         N/A       100%        5
q - Passwall              Tmut/Erth      10%        N/A       30%         2

Your spell library contained the following spells:

 Spells                   Type           Power      Damage    Failure   Level
 Beastly Appendage        Tmut           26%        N/A       21%         1
 Sandblast                Erth           26%        2d8       21%         1
 Wereblood                Tmut           13%        N/A       30%         2
 Apportation              Tloc           2%         N/A       80%         1
 Foxfire                  Conj/Fire      4%         2x1d4     80%         1
 Freeze                   Ice            4%         1d3       80%         1
 Necrotise                Necr           4%         1d4       80%         1
 Shock                    Conj/Air       4%         1d3       80%         1
 Slow                     Hex            4%         N/A       80%         1
 Spider Form              Tmut/Pois      7%         N/A       82%         3
 Stone Arrow              Conj/Erth      14%        3d7       82%         3
 Petrify                  Tmut/Erth      13%        N/A       86%         4
 Cigotuvi's Dreadful Rot  Necr/Pois/Air  2%         N/A       90%         2
 Ensorcelled Hibernation  Hex/Ice        2%         N/A       90%         2
 Scorch                   Fire           2%         2d5       90%         2
 Sublimation of Blood     Necr           1%         N/A       90%         2
 Ignite Poison            Fire/Tmut/Pois 5%         N/A       90%         3
 Confusing Touch          Hex            1%         N/A       98%         3
 Dazzling Flash           Conj/Hex       2%         N/A       98%         3
 Frozen Ramparts          Ice            2%         1d1       98%         3
 Hailstorm                Conj/Ice       1%         3d3       98%         3
 Inner Flame              Hex/Fire       1%         N/A       98%         3
 Kindle Blastsparks       Fire/Tloc/Air  2%         2d10      98%         3
 Ozocubu's Armour         Ice            1%         N/A       98%         3
 Portal Projectile        Hex/Tloc       2%         N/A       98%         3
 Vampiric Draining        Necr           1%         2d6       98%         3
 Vhi's Electric Charge    Tloc/Air       2%         N/A       98%         3
 Ice Form                 Ice/Tmut       7%         N/A       99%         4
 Leda's Liquefaction      Hex/Erth       3%         N/A       99%         4
 Blade Hands              Tmut           6%         N/A       99%         5
 Lee's Rapid Deconstruct  Erth           6%         3d6*      99%         5
 Airstrike                Air            0%         2d(1-17)  100%        4
 Cause Fear               Hex            0%         N/A       100%        4
 Flame Wave               Conj/Fire      1%         2d4       100%        4
 Fulminant Prism          Conj/Hex       0%         3d5       100%        4
 Iskenderun's Mystic Bla  Conj/Tloc      1%         2d3       100%        4
 Manifold Assault         Tloc           1%         N/A       100%        4
 Passage of Golubria      Tloc           1%         N/A       100%        4
 Sticky Flame             Conj/Fire      1%         2d3       100%        4
 Agony                    Necr           1%         N/A       100%        5
 Alistair's Intoxication  Tmut/Pois      4%         N/A       100%        5
 Arcjolt                  Conj/Air       0%         1d10      100%        5
 Borgnjor's Vile Clutch   Necr/Erth      3%         N/A       100%        5
 Fireball                 Conj/Fire      0%         3d3       100%        5
 Freezing Cloud           Conj/Ice/Air   0%         6-21      100%        5
 Irradiate                Conj/Tmut      3%         3d12      100%        5
 Iskenderun's Battlesphe  Conj           1%         2d6       100%        5
 Lightning Bolt           Conj/Air       0%         1d11      100%        5
 Metabolic Englaciation   Hex/Ice        0%         N/A       100%        5
 Yara's Violent Unravell  Hex/Tmut       3%         3d4       100%        5
 Conjure Ball Lightning   Conj/Air       0%         3x3d6     100%        6
 Dispersal                Tloc           0%         N/A       100%        6
 Eringya's Noxious Bog    Tmut/Pois      3%         N/A       100%        6
 Iron Shot                Conj/Erth      3%         9d2       100%        6
 Starburst                Conj/Fire      0%         6d3       100%        6
 Statue Form              Tmut/Erth      8%         N/A       100%        6
 Enfeeble                 Hex            0%         N/A       100%        7
 Orb of Destruction       Conj           0%         9d5       100%        7
 Ozocubu's Refrigeration  Ice            0%         4d7       100%        7
 Discord                  Hex            0%         N/A       100%        8
 Disjunction              Tloc           0%         N/A       100%        8
 Ignition                 Fire           0%         3d3       100%        8
 Lehudib's Crystal Spear  Conj/Erth      3%         10d3      100%        8
 Polar Vortex             Ice            0%         N/A       100%        9
 Summon Small Mammal      Summ           Unusable   N/A       N/A         1
 Call Imp                 Summ           Unusable   N/A       N/A         2
 Summon Guardian Golem    Hex/Summ       Unusable   N/A       N/A         3
 Tukima's Dance           Hex            Unusable   N/A       N/A         3
 Animate Armour           Summ/Erth      Unusable   N/A       N/A         4
 Summon Lightning Spire   Summ/Air       Unusable   N/A       N/A         4
 Summon Mana Viper        Hex/Summ       Unusable   N/A       N/A         5
 Simulacrum               Ice/Necr       Unusable   N/A       N/A         6
 Summon Cactus Giant      Summ           Unusable   N/A       N/A         6
 Spellforged Servitor     Conj/Summ      Unusable   N/A       N/A         7

Dungeon Overview and Level Annotations

Branches:
Dungeon (15/15)            Temple (1/1) D:5            Lair (5/5) D:9
 Shoals (4/4) Lair:3       Spider (4/4) Lair:2        Slime (0/5) Lair:5
    Orc (2/2) D:10            Elf (0/3) Orc:2        Vaults (5/5) D:14
  Crypt (0/3) Vaults:2     Depths (4/4) D:15            Zot (5/5) Depths:4
 Bailey (visited)           IceCv (visited)         Desolation (visited)

Altars:
Ashenzari
Cheibriados
Dithmenos
Elyvilon
Fedhas
Gozag
Hepliaklqana
Kikubaaqudgha
Makhleb
Nemelex Xobeh
Okawaru
Qazlal
Ru
Sif Muna
Trog
Uskayaw
Vehumet
Wu Jian
Xom
Yredelemnul
Zin
The Shining One
Jiyva

Shops:
D:10 =   Orc:1 :   Orc:2 =((*   Shoals:2 *   Vaults:1 (!   Vaults:2 :
Vaults:3 =

Portals:
Hell: Depths:1 Depths:2 Depths:3 Depths:4
Abyss: Depths:2 Depths:3 Depths:4
Pandemonium: Depths:2
Ziggurat: Depths:2

Annotations:
Lair:2 exclusion: ice statue
Spider:2 exclusion: 2 oklob plants
Depths:2 1 transporter, Boris


Innate Abilities, Weirdness & Mutations

You have a pair of horns on your head.
You reflexively headbutt those who attack you in melee.
You have large cloven feet.
You are dopey. (Int -2)
You are frail. (-10% HP)
Your magical capacity is low. (-10% MP)
Your spells are a little harder to cast, but a little more powerful.
You occasionally lose the ability to read scrolls when taking damage.
You have hidden genetic defects.


Message History

(N) Spider Nest (M) Slime Pits (O) Orcish Mines (E) Elven Halls (V) Vaults (C) Crypt (U) Depths (H) Hell (Z) Zot
Where to? (Enter - D:1 @ (x,y), ? - help)
There is an open door, spattered with blood here.
There is a stone staircase leading up here.
You fly upwards.
There is a stone staircase leading down here.
There is an open door here.
There is an open door here.
There is a stone staircase leading up here.
You fly upwards.
There is a stone staircase leading down here.
There is a stone staircase leading up here.
You fly upwards.
There is a stone staircase leading down here.
There is a stone staircase leading up here.
You fly upwards.
There is a stone staircase leading down here.
There is a stone staircase leading up here.
You fly upwards.
There is a stone staircase leading down here.
There is a stone staircase leading up here.
You fly upwards.
There is a stone staircase leading down here.
Things that are here:
a +0 chain mail; a +0 flail; a +0 mace
There is a stone staircase leading down here.
There is a stone staircase leading up here.
You fly upwards.
There is a stone staircase leading down here.
You see here 6 stones.
There is a stone staircase leading up here.
You fly upwards.
There is a stone staircase leading down here.
There is a stone staircase leading up here.
You fly upwards.
There is a stone staircase leading down here.
There is a stone staircase leading up here.
You fly upwards.
There is a stone staircase leading down here.
You see here a +0 hand axe.
There is a stone staircase leading up here.
You fly upwards.
There is a stone staircase leading down here.
There is a stone staircase leading up here.
You fly upwards.
There is a stone staircase leading down here.
There is a staircase leading out of the dungeon here.
You have escaped!

#.....###.##.#........
###.....#
#.##.#########
##...#####
#.#........... #..###
##.############ #.##
#.............. #.##
#.############# #.###
##.##### #.####
###.####
#.######@#.###
#...#####.###
####..###.####
###..~~##.#
#.##~~..###
####.###..####
###.#####...## ##
###.#∩######..# #.
####.########..## #.


There were no monsters in sight!

Vanquished Creatures
  6 dread liches
  8 orbs of fire
  2 ancient liches
  Josephina (Depths:2)
  2 juggernauts
  Boris (Vaults:3)
  Vv (Arena)
  4 Killer Klowns
  A shard shrike (IceCv)
  Saint Roka (Depths:2)
  3 curse toes
  2 caustic shrikes
  8 golden dragons
  Jory (Vaults:3)
  2 bone dragons (Depths:4)
  Arachne (Spider:2)
  4 electric golems
  19 tentacled monstrosities
  A walking crystal tome (Depths:3)
  A walking earthen tome (Depths:3)
  Rupert (Lair:4)
  26 Orb Guardians
  7 titans
  4 liches
  8 quicksilver dragons
  A walking divine tome (Depths:3)
  Polyphemus (Shoals:4)
  An acid blob (shapeshifter) (Vaults:5)
  7 death cobs
  12 sphinxes
  4 krakens (Shoals:3)
  The ghost of Tiucw the Devastator, an adept BaCj of Vehumet (Shoals:3)
  12 storm dragons
  5 tengu reavers
  5 draconian monks
  Ilsuiw (Shoals:3)
  5 draconian knights
  A rockslime (Zot:5)
  11 shadow dragons
  11 fire giants
  16 vault wardens
  10 frost giants
  8 ghost moths
  11 emperor scorpions
  2 imperial myrmidons (Desolation)
  A deep elf sorcerer (Depths:4)
  An iron dragon (Arena)
  8 draconian scorchers
  3 draconian shifters
  2 deep elf elementalists (Depths:3)
  A balrug (Zot:1)
  An orc warlord (Vaults:1)
  6 draconian stormcallers
  15 ironbound preservers
  A juggernaut zombie (Depths:1)
  5 draconian annihilators
  11 ironbound thunderhulks
  23 stone giants
  21 very ugly things
  2 war gargoyles
  5 vampire knights
  7 spark wasps
  9 green draconians
  2 deep elf annihilators (Vaults:5)
  11 purple draconians
  A deep elf demonologist (Vaults:5)
  13 black draconians
  6 white draconians
  Azrael (D:13)
  7 dire elephants
  8 yellow draconians
  6 red draconians
  2 deep elf death magi (Vaults:5)
  Snorg (D:10)
  A blizzard demon (Depths:2)
  11 merfolk impalers
  6 ettins
  12 yaktaur captains
  10 fire dragons
  5 crystal guardians
  11 merfolk javelineers
  7 entropy weavers
  3 deep elf high priests
  Harold (D:9)
  7 great orbs of eyes
  7 hydras
  2 ragged hierophants (Desolation)
  A salamander tyrant (Depths:3)
  8 servants of whispers (Desolation)
  28 vault guards
  A juggernaut simulacrum (Depths:2)
  3 jorogumos (Spider:2)
  2 rakshasas (Depths:2)
  Erolcha (D:12)
  11 ice dragons
  11 ironbound frosthearts
  6 ogre magi
  10 peacekeepers
  22 centaur warriors
  A jorogumo (shapeshifter) (Vaults:5)
  2 merfolk aquamancers (Shoals:4)
  4 boulder beetles
  A catoblepas (Shoals:4)
  6 spriggan air magi
  23 two-headed ogres
  3 radroaches
  4 merfolk avatars
  3 deep troll shamans (Depths:2)
  A vampire mage (Depths:1)
  14 death yaks
  5 deep troll earth magi
  2 orc high priests
  8 tengu warriors
  2 storm dragon zombies
  The ghost of Buces the Transmogrifier, a novice DsTm of Ru (Lair:1)
  8 spriggan berserkers
  Urug (D:10)
  7 sun demons
  5 spriggans
  Nergalle (D:10)
  8 hell knights
  A sixfirhy (Zot:1)
  A storm dragon skeleton (Depths:1)
  8 pharaoh ants
  6 iron trolls (Depths:2)
  A spark wasp zombie (Depths:1)
  49 deep trolls
  A shadow demon (Depths:4)
  6 orb spiders
  9 phantasmal warriors
  4 flayed ghosts
  9 sea snakes
  An orange crystal statue (IceCv)
  13 wizards
  22 ironbound convokers
  11 lindwurms
  9 orc knights
  28 harpies
  9 necromancers
  7 steelbarb worms
  3 orc sorcerers
  6 deep elf pyromancers
  29 wolf spiders
  9 cyclopes
  13 manticores
  3 fauns (Shoals:2)
  46 ugly things
  A stone giant skeleton (Depths:1)
  2 fire giant skeletons
  27 moths of wrath
  3 salamanders (Depths:3)
  A frost giant skeleton (Vaults:1)
  5 elephants
  19 vault sentinels
  38 slime creatures
  3 demonic crawlers
  4 guardian serpents (Desolation)
  12 merfolk sirens
  6 black mambas
  7 water nymphs
  A storm dragon simulacrum (Depths:1)
  Maggie (D:10)
  4 torpor snails
  16 cane toads
  An unseen horror (shapeshifter) (Depths:3)
  A molten gargoyle (Depths:3)
  An unseen horror (D:13)
  A gargoyle (D:12)
  3 freezing wraiths
  23 rime drakes
  5 kobold demonologists
  6 tengu conjurers
  6 komodo dragons
  3 spriggan skeletons (Depths:1)
  40 yaktaurs
  A shadow dragon simulacrum (Depths:2)
  15 meliai
  19 polar bears
  16 trolls
  29 merfolk
  2 human skeletons (Vaults:4)
  6 hornets
  An iron dragon simulacrum (Depths:1)
  A queen bee (D:15)
  24 tarantellas
  5 wind drakes
  42 saltlings (Desolation)
  A sphinx simulacrum (Depths:1)
  15 blink frogs
  15 dream sheep
  A dream sheep (shapeshifter) (Depths:3)
  A jumping spider (shapeshifter) (Depths:1)
  12 snapping turtles
  20 water elementals
  An air elemental (D:13)
  14 culicivoras
  29 jumping spiders
  An elf simulacrum (Vaults:4)
  A deep troll skeleton (Vaults:4)
  37 yaks
  A spriggan (shapeshifter) (Vaults:4)
  2 wyverns
  A shadow (D:12)
  2 wraiths
  Grum (D:10)
  A fire elemental (D:13)
  50 redbacks
  4 basilisks
  7 steam dragons
  2 wargs (Orc:2)
  Edmund (D:4)
  A glowing shapeshifter zombie (Vaults:1)
  6 vampire mosquitoes
  18 water moccasins
  A glowing shapeshifter skeleton (Depths:1)
  6 hell hounds (D:13)
  A floating eye (shapeshifter) (Vaults:5)
  49 orc warriors
  A floating eye (Depths:1)
  6 sky beasts
  2 black bears
  8 ice beasts
  29 ogres
  A human zombie (Vaults:1)
  3 boggarts (Vaults:3)
  16 wolves
  19 centaurs
  An orc skeleton (Vaults:1)
  4 phantoms
  9 kobold brigands
  7 bullfrogs
  A gnoll sergeant (D:10)
  5 scorpions
  A wyvern zombie (D:6)
  A human simulacrum (Depths:2)
  A glowing shapeshifter simulacrum (Depths:2)
  A wyvern skeleton (D:6)
  A water moccasin zombie (D:6)
  4 wights (D:8)
  38 killer bees
  15 electric eels
  A howler monkey (D:10)
  6 bullfrog zombies (D:6)
  12 hounds
  A jelly (D:6)
  A gnoll bouda (D:8)
  10 orc priests
  An iguana (D:5)
  12 orc wizards
  A killer bee zombie (D:6)
  A howler monkey zombie (D:6)
  11 gnolls
  3 adders
  A river rat (shapeshifter) (Depths:3)
  4 white imps (Lair:2)
  6 ufetubi
  A worm (D:3)
  A dart slug (D:4)
  84 orcs
  6 ball pythons
  4 endoplasms
  6 giant cockroaches
  19 goblins
  15 hobgoblins
  5 jackals
  2 quokkas (D:1)
  5 bats
  4 frilled lizards
  40 kobolds
  6 rats
  18 tentacles (Shoals:3)
2185 creatures vanquished.

Vanquished Creatures (others)
  A draconian stormcaller (Zot:3)
  A sun moth (Shoals:4)
  A manticore (Shoals:2)
  2 orcs (D:10)
  21 fungi
  102 plants
  33 tentacles (Shoals:3)
  6 withered plants (D:6)
167 creatures vanquished.

Grand Total: 2352 creatures vanquished

Notes
Turn   | Place    | Note
-------+----------+-------------------------------------------
     0 | D:1      | DavidChitty2 the Minotaur Fighter began the quest for the
                  | Orb.
     0 | D:1      | Reached XP level 1. HP: 19/19 MP: 0/0
    62 | D:1      | Reached XP level 2. HP: 27/27 MP: 1/1
   601 | D:2      | Reached XP level 3. HP: 33/33 MP: 2/2
   899 | D:2      | Identified the +9 plate armour "Heclimero" {Rampage Regen+}
  1460 | D:3      | Reached XP level 4. HP: 38/40 MP: 3/3
  1820 | D:4      | Noticed a scorpion
  1830 | D:3      | Killed a scorpion
  1831 | D:3      | Reached XP level 5. HP: 40/47 MP: 4/4
  1886 | D:4      | Noticed a water moccasin
  1893 | D:4      | Noticed Edmund
  1898 | D:4      | Killed a water moccasin
  1899 | D:4      | Reached skill level 5 in Axes
  1899 | D:4      | Reached skill level 5 in Armour
  1899 | D:4      | Reached XP level 6. HP: 45/55 MP: 5/5
  1906 | D:4      | Killed Edmund
  1907 | D:4      | Reached skill level 5 in Fighting
  1907 | D:4      | Reached skill level 5 in Shields
  2008 | D:4      | Reached XP level 7. HP: 61/61 MP: 6/6
  2158 | D:5      | Entered Level 5 of the Dungeon
  2553 | D:5      | Found a staircase to the Ecumenical Temple.
  2563 | Temple   | Entered the Ecumenical Temple
  2571 | Temple   | Became a worshipper of Warmaster Okawaru
  2618 | D:5      | Reached skill level 1 in Invocations
  2618 | D:5      | Reached XP level 8. HP: 70/70 MP: 7/7
  2718 | D:5      | You fall into a shaft and drop 1 floor!
  2808 | D:6      | Reached * piety under Okawaru
  3735 | D:6      | Found a glowing golden altar of the Shining One.
  3749 | D:6      | Found a shimmering blue altar of Sif Muna.
  3754 | D:6      | Reached XP level 9. HP: 77/79 MP: 10/10
  3783 | D:6      | Found a radiant altar of Vehumet.
  4068 | D:7      | Reached ** piety under Okawaru
  4142 | D:7      | Found a broken altar of Ashenzari.
  4537 | D:7      | Reached skill level 10 in Axes
  4933 | D:8      | Found a basalt altar of Yredelemnul.
  4933 | D:8      | Noticed a deep elf pyromancer
  4933 | D:8      | Noticed a centaur warrior
  4934 | D:8      | Reached *** piety under Okawaru
  4934 | D:8      | Noticed a troll
  4935 | D:8      | Found a transporter.
  5016 | D:8      | Reached XP level 10. HP: 84/88 MP: 12/12
  5295 | D:8      | Found a transporter.
  5299 | D:8      | Noticed a tengu warrior
  5403 | D:8      | Noticed a two-headed ogre
  5410 | D:8      | Killed a two-headed ogre
  5410 | D:8      | Reached **** piety under Okawaru
  5555 | D:9      | Noticed a two-headed ogre
  5561 | D:9      | Killed a two-headed ogre
  5562 | D:9      | Reached skill level 5 in Invocations
  5635 | D:9      | Noticed Harold
  5646 | D:9      | Killed Harold
  5908 | D:9      | Reached ***** piety under Okawaru
  5922 | D:9      | Found a staircase to the Lair.
  6108 | D:10     | Entered Level 10 of the Dungeon
  6136 | D:10     | Found a flagged portal.
  6144 | D:10     | Reached XP level 11. HP: 97/97 MP: 14/14
  6148 | Bailey   | Entered a bailey
  6380 | Bailey   | Found an iron altar of Okawaru.
  6382 | Bailey   | Noticed an orc high priest
  6386 | Bailey   | Noticed a soul eater
  6392 | Bailey   | Killed an orc high priest
  6876 | D:10     | Noticed Nergalle
  6887 | D:10     | Killed Nergalle
  6985 | D:10     | Noticed Urug
  6995 | D:10     | Killed Urug
  7067 | D:10     | Found a portal to a secret trove of treasure.
  7165 | D:10     | Noticed Maggie
  7184 | D:10     | Killed Maggie
  7185 | D:10     | Reached skill level 10 in Armour
  7243 | D:10     | Found a transporter.
  7254 | D:10     | Found Wiud's Jewellery Shoppe.
  7288 | D:10     | Found a staircase to the Orcish Mines.
  7327 | D:10     | Noticed Grum
  7330 | D:10     | Received a gift from Okawaru
  7331 | D:10     | Reached skill level 10 in Fighting
  7335 | D:10     | Killed Grum
  7336 | D:10     | Reached skill level 10 in Shields
  7341 | D:10     | Found a transporter.
  7463 | D:10     | Found a transporter.
  7512 | D:10     | Noticed Snorg
  7513 | D:10     | Found a transporter.
  7526 | D:10     | Killed Snorg
  7807 | D:11     | Noticed a green ugly thing
  7814 | D:11     | Killed a green ugly thing
  8172 | D:11     | Received a gift from Okawaru
  8438 | D:12     | Noticed Erolcha
  8438 | D:12     | Noticed a boulder beetle
  8548 | Lair:1   | Entered Level 1 of the Lair of Beasts
  8621 | Lair:1   | Found a transporter.
  8753 | Lair:1   | Reached XP level 12. HP: 107/107 MP: 16/16
  8965 | Lair:1   | Identified the ring of Fuoruer {Contam AC+4 Slay+5 Stlth+}
  9168 | Lair:1   | Found a transporter.
  9168 | Lair:1   | Noticed Buces's ghost (novice DsTm)
  9299 | Lair:2   | Received a gift from Okawaru
  9398 | Lair:2   | Identified the +1 ring mail of Privacy {rN+ Will+} (Okawaru
                  | gifted it to you on level 2 of the Lair of Beasts)
  9398 | Lair:2   | Received a gift from Okawaru
  9449 | Lair:2   | Reached ****** piety under Okawaru
  9789 | Lair:2   | Found a hole to the Spider Nest.
 10269 | Lair:3   | Reached skill level 15 in Axes
 10528 | Lair:3   | Noticed a six-headed hydra
 10538 | Lair:3   | Killed a six-headed hydra
 10681 | Lair:3   | Reached XP level 13. HP: 87/117 MP: 18/18
 11000 | Lair:3   | Found a staircase to the Shoals.
 11228 | Lair:4   | Identified the +10 demon trident "Kulaoth" {drain, Will+
                  | Str+3 Int+3 Dex+2} (Okawaru gifted it to you on level 4 of
                  | the Lair of Beasts)
 11228 | Lair:4   | Received a gift from Okawaru
 11691 | Lair:4   | Identified the +0 spear of Giusuef {flame, rC+}
 11729 | Lair:4   | Acquired 1017 gold pieces
 11732 | Lair:4   | Acquired a scarf of repulsion
 11958 | Lair:4   | Noticed Rupert
 11969 | Lair:4   | Killed Rupert
 12032 | Lair:5   | Entered Level 5 of the Lair of Beasts
 12071 | Lair:4   | Identified the +3 hand axe "Zitumuku" {flame, Str+3 Dex+2}
                  | (Okawaru gifted it to you on level 4 of the Lair of Beasts)
 12071 | Lair:4   | Received a gift from Okawaru
 12321 | Lair:5   | Identified the +10 hand axe "Jaxtaw" {speed, Will- MP+9
                  | Dex+6 SInv} (Okawaru gifted it to you on level 5 of the
                  | Lair of Beasts)
 12321 | Lair:5   | Received a gift from Okawaru
 12528 | Lair:5   | Reached XP level 14. HP: 129/129 MP: 12/20
 12533 | Lair:5   | Reached skill level 10 in Invocations
 12604 | Lair:5   | Found a staircase to the Slime Pits.
 12606 | Lair:5   | Found a viscous altar of Jiyva.
 12757 | Lair:5   | Reached skill level 1 in Polearms
 12792 | Lair:5   | Identified the +1 robe "Listriur" {Int+5} (Okawaru gifted
                  | it to you on level 5 of the Lair of Beasts)
 12792 | Lair:5   | Received a gift from Okawaru
 13663 | D:12     | Killed Erolcha
 13830 | D:12     | Reached skill level 5 in Polearms
 14147 | D:13     | Noticed Azrael
 14166 | D:13     | Killed Azrael
 14725 | D:13     | Paralysed by an air elemental for 1 turns
 14732 | D:13     | Paralysed by an air elemental for 1 turns
 14747 | D:13     | Identified the +0 chain mail of Inaction {Contam rPois
                  | Will+ Str+6} (Okawaru gifted it to you on level 13 of the
                  | Dungeon)
 14747 | D:13     | Received a gift from Okawaru
 15190 | D:14     | Reached XP level 15. HP: 127/139 MP: 21/21
 15229 | D:14     | Found a gate to the Vaults.
 15429 | D:14     | Found a glowing golden altar of the Shining One.
 15430 | D:14     | Found a glowing silver altar of Zin.
 15432 | D:14     | Found a white marble altar of Elyvilon.
 15482 | D:14     | Noticed a fire giant
 15491 | D:14     | Killed a fire giant
 15691 | D:14     | Reached skill level 15 in Fighting
 15785 | D:14     | Reached skill level 15 in Armour
 15785 | D:14     | Reached skill level 15 in Shields
 15990 | D:15     | Entered Level 15 of the Dungeon
 16039 | D:15     | Found a frozen archway.
 16051 | IceCv    | Entered an ice cave
 16215 | IceCv    | Received a gift from Okawaru
 16215 | IceCv    | Found the +7 Kryia's mail coat {PotionHeal*2 rC+}
 16413 | IceCv    | Noticed a shard shrike
 16450 | IceCv    | Killed a shard shrike
 16541 | IceCv    | Got the Collected Works on Frost
 16995 | D:15     | Reached XP level 16. HP: 151/152 MP: 22/22
 17033 | D:15     | Found a staircase to the Depths.
 17852 | Orc:1    | Entered Level 1 of the Orcish Mines
 17856 | Orc:1    | Received a gift from Okawaru
 17908 | Orc:1    | Found Vode's Vocational Training.
 18084 | Orc:2    | Entered Level 2 of the Orcish Mines
 18303 | Orc:2    | Found a staircase to the Elven Halls.
 18484 | Orc:2    | Paralysed by an ogre mage for 3 turns
 18839 | Orc:1    | Found a burning altar of Makhleb.
 19355 | Orc:2    | Found Ykkas's General Store.
 19357 | Orc:2    | Found Unkivo's Weapon Emporium.
 19361 | Orc:2    | Found Bykhlax's Antique Weapon Shoppe.
 19362 | Orc:2    | Found Diokkak's Jewellery Shoppe.
 19428 | Orc:2    | Bought a potion of curing for 36 gold pieces
 19428 | Orc:2    | Bought a potion of haste for 120 gold pieces
 19774 | D:10     | Bought the ring of the Past {rElec rC+ Str+5 Slay-3 SInv}
                  | for 493 gold pieces
 19824 | Lair:1   | Killed Buces's ghost
 19824 | Lair:1   | Received a gift from Okawaru
 19845 | Lair:1   | Identified the +1 cloak of the Old World {Slay+2}
 20302 | Shoals:1 | Entered Level 1 of the Shoals
 20503 | Shoals:1 | Identified the +5 flail of Valour {freeze, rElec Str+2}
 21608 | Shoals:2 | Found Demmaudole's Assorted Antiques.
 21637 | Shoals:2 | Bought 2 potions of haste for 760 gold pieces
 21637 | Shoals:2 | Bought a scroll of acquirement for 1976 gold pieces
 21637 | Shoals:2 | Acquired a manual of Invocations
 22080 | Shoals:3 | Reached skill level 1 in Dodging
 22196 | Shoals:3 | Reached XP level 17. HP: 162/168 MP: 23/23
 22262 | Shoals:3 | Received a gift from Okawaru
 22546 | Shoals:3 | Found a runed translucent gate.
 22546 | Shoals:3 | Found a runed translucent gate.
 22546 | Shoals:3 | Found a runed translucent gate.
 22550 | Shoals:3 | Noticed Tiucw's ghost (adept BaCj)
 22678 | Shoals:3 | Noticed a kraken
 22679 | Shoals:3 | Noticed a kraken
 22679 | Shoals:3 | Noticed Ilsuiw
 22791 | Shoals:3 | Killed Ilsuiw
 22826 | Shoals:3 | Killed Tiucw's ghost
 22943 | Shoals:3 | Killed a kraken
 22944 | Shoals:3 | Reached skill level 5 in Dodging
 23040 | Shoals:3 | Killed a kraken
 23155 | Shoals:3 | Noticed a kraken
 23172 | Shoals:3 | Killed a kraken
 23210 | Shoals:3 | Noticed a kraken
 23307 | Shoals:3 | Killed a kraken
 23445 | Shoals:4 | Entered Level 4 of the Shoals
 23644 | Shoals:4 | Received a gift from Okawaru
 23805 | Shoals:4 | Noticed Polyphemus
 23825 | Shoals:4 | Killed Polyphemus
 24464 | Shoals:4 | Got a barnacled rune of Zot
 25151 | Spider:1 | Entered Level 1 of the Spider Nest
 25533 | Spider:1 | Reached XP level 18. HP: 142/178 MP: 26/26
 25744 | Spider:1 | Identified the +1 robe "Qipez Uxza" {MP+9} (Okawaru gifted
                  | it to you on level 1 of the Spider Nest)
 25744 | Spider:1 | Received a gift from Okawaru
 26710 | Spider:2 | Noticed Arachne
 26719 | Spider:2 | Killed Arachne
 26772 | Spider:2 | Reached skill level 10 in Dodging
 28981 | Spider:4 | Entered Level 4 of the Spider Nest
 29011 | Spider:4 | Received a gift from Okawaru
 29086 | Spider:4 | Got Jiumeghuag's Cyclopedia of Fuming Allies
 29097 | Spider:4 | Reached skill level 15 in Invocations
 30236 | Spider:4 | Reached XP level 19. HP: 35/190 MP: 29/29
 30569 | Spider:4 | Got a gossamer rune of Zot
 30990 | Vaults:1 | Entered Level 1 of the Vaults
 31196 | Vaults:1 | Identified the +1 chain mail "Soaprat" {Harm rPois Will-
                  | Dex+4} (Okawaru gifted it to you on level 1 of the Vaults)
 31196 | Vaults:1 | Received a gift from Okawaru
 31229 | Vaults:1 | Gained mutation: You are vulnerable to cold. (rC-)
                  | [mutagenic glow]
 31498 | Vaults:1 | Got the Vellum of Ozone
 32066 | Vaults:1 | Found Kixi's Weapon Shoppe.
 32219 | Vaults:1 | Found Edgheif's Distillery.
 32227 | Vaults:1 | Bought a potion of experience for 800 gold pieces
 32227 | Vaults:1 | Reached XP level 20. HP: 202/202 MP: 30/30
 32417 | Vaults:2 | Identified the +1 leather armour of the Ego {rC++ Str-2
                  | Slay+4}
 32443 | Vaults:2 | Found Wol Jeiffuno's Book Shop.
 32498 | Vaults:2 | Learned a level 2 spell: Passwall
 32504 | Vaults:2 | Learned a level 5 spell: Silence
 32816 | Vaults:2 | Found a staircase to the Crypt.
 32816 | Vaults:2 | Found a basalt altar of Yredelemnul.
 32816 | Vaults:2 | Found an ancient bone altar of Kikubaaqudgha.
 33070 | Vaults:2 | Identified the +0 robe "Uluat" {rN+ Int+6} (Okawaru gifted
                  | it to you on level 2 of the Vaults)
 33070 | Vaults:2 | Received a gift from Okawaru
 33287 | Vaults:3 | Noticed Boris
 33355 | Vaults:3 | Found Udailub's Jewellery Boutique.
 33486 | Vaults:3 | Found a crumbling gateway.
 33495 | Desolati | Entered the Desolation of Salt
 33779 | Desolati | Reached XP level 21. HP: 211/211 MP: 31/31
 34050 | Desolati | Identified the +1 plate armour "Nuluntil" {Str+4}
 34192 | Desolati | Identified the +2 ring mail of Nemelex Xobeh's Wrath
                  | {Int+6}
 34215 | Desolati | Got the Folio of the Gift and Superposition
 34840 | Vaults:3 | Killed Boris
 34992 | Vaults:3 | Noticed Jory
 35003 | Vaults:3 | Killed Jory
 35003 | Vaults:3 | Identified the +7 pearl dragon scales "Datyd" {rF+ rN+
                  | Int+3} (Okawaru gifted it to you on level 3 of the Vaults)
 35003 | Vaults:3 | Received a gift from Okawaru
 35690 | Vaults:4 | Found a gateway to a bazaar.
 35704 | Bazaar   | Entered a bazaar
 35704 | Bazaar   | Found Ruuppier's Antique Armour Shoppe.
 35704 | Bazaar   | Found Koveim's Antique Armour Emporium.
 35706 | Bazaar   | Found Buqocazy's Antique Weapon Shoppe.
 35722 | Bazaar   | Found Loipsotul's Antique Armour Emporium.
 36649 | Vaults:4 | Received a gift from Okawaru
 37229 | Depths:1 | Entered Level 1 of the Depths
 37246 | Depths:1 | Reached XP level 22. HP: 225/226 MP: 32/32
 37362 | Depths:1 | Found a gateway to Hell.
 37718 | Depths:1 | Identified the +5 war axe "Minotaur's Curse" {freeze, rElec
                  | rF+++ rCorr Dex-5}
 37750 | Depths:1 | Received a gift from Okawaru
 37754 | Depths:1 | Paralysed by a floating eye for 2 turns
 37867 | Depths:1 | Identified the +0 ring mail "Emudon" {Harm rF- rN+ SInv}
 38290 | Depths:2 | Found a one-way gateway to a ziggurat.
 38293 | Depths:2 | Noticed Vv
 38306 | Arena    | Entered the Arena
 38337 | Arena    | Killed Vv
 38464 | Depths:2 | Noticed Saint Roka
 38481 | Depths:2 | Killed Saint Roka
 38681 | Depths:2 | Found a one-way gate to the infinite horrors of the Abyss.
 38708 | Depths:2 | Found a one-way gate leading to the halls of Pandemonium.
 38874 | Depths:2 | Identified the ring "Jyutal" {Ice *Slow rN+ Will+}
 38874 | Depths:2 | Noticed Josephina
 38903 | Depths:2 | Killed Josephina
 38903 | Depths:2 | Received a gift from Okawaru
 38903 | Depths:2 | Found the +5 robe of Misfortune {Harm *Corrode *Slow EV+5}
 39063 | Depths:2 | Found a transporter.
 39070 | Depths:2 | Found a shimmering blue altar of Sif Muna.
 39073 | Depths:2 | Noticed Boris
 39123 | Depths:2 | Found a stormy altar of Qazlal.
 39125 | Depths:2 | Found a snail-covered altar of Cheibriados.
 39125 | Depths:2 | Found an ornate altar of the Wu Jian Council.
 39127 | Depths:2 | Found a shimmering altar of Xom.
 39127 | Depths:2 | Found a sparkling altar of Nemelex Xobeh.
 39127 | Depths:2 | Found a blossoming altar of Fedhas.
 39724 | Depths:3 | Noticed a caustic shrike
 39737 | Depths:3 | Killed a caustic shrike
 39788 | Depths:3 | Reached skill level 27 in Fighting
 40038 | Depths:3 | Noticed a juggernaut
 40135 | Depths:3 | Killed a juggernaut
 40292 | Depths:3 | Reached XP level 23. HP: 132/240 MP: 33/33
 40431 | Depths:3 | Identified the +1 hand axe "Testudineslayer" {speed, rF+
                  | Str+9 Int-3}
 40566 | Depths:3 | Noticed a caustic shrike
 40569 | Arena    | Entered the Arena
 40576 | Arena    | Killed a caustic shrike
 41210 | Depths:3 | Identified the +4 quarterstaff "Qiuge" {heavy, *Noise
                  | Str+8}
 41352 | Depths:4 | Entered Level 4 of the Depths
 41383 | Depths:4 | Noticed a juggernaut
 41402 | Depths:4 | Killed a juggernaut
 41754 | Depths:4 | Found a gate to the Realm of Zot.
 42456 | Vaults:5 | Entered Level 5 of the Vaults
 42469 | Vaults:5 | Identified the -1 pair of boots of Activism {+Blink Dex+3}
                  | (Okawaru gifted it to you on level 5 of the Vaults)
 42469 | Vaults:5 | Received a gift from Okawaru
 42581 | Vaults:5 | Noticed a dread lich
 42605 | Vaults:5 | Noticed a dread lich
 42607 | Vaults:5 | Noticed an ancient lich
 42932 | Vaults:5 | Killed an ancient lich
 43050 | Vaults:5 | Noticed a shard shrike
 43054 | Vaults:5 | a shard shrike changed into a rockslime
 43106 | Vaults:5 | Reached skill level 27 in Armour
 43168 | Vaults:5 | Killed a dread lich
 43179 | Vaults:5 | Noticed a dread lich
 43185 | Vaults:5 | Killed a dread lich
 43186 | Vaults:5 | Reached XP level 24. HP: 235/249 MP: 33/33
 43416 | Vaults:5 | Gained mutation: You occasionally lose the ability to read
                  | scrolls when taking damage. [a cacodemon]
 43417 | Vaults:5 | Gained mutation: You have sharp toenails. [a cacodemon]
 43419 | Vaults:5 | Paralysed by a dread lich for 3 turns
 43426 | Vaults:5 | Killed a dread lich
 43557 | Vaults:5 | Identified the +9 trident of the Exiled Coins {antimagic,
                  | Dex+3}
 43607 | Vaults:5 | Identified the +7 dagger "Haodu" {vamp, rPois Int+5}
 43613 | Arena    | Entered the Arena
 43913 | Vaults:5 | Received a gift from Okawaru
 43982 | Vaults:5 | Acquired the ring "Pofyuj" {*Corrode rElec Will++ Int+6
                  | SInv}
 44291 | Vaults:5 | Identified the +1 rapier of Governance {drain, *Rage Will+
                  | rCorr}
 44556 | Vaults:5 | Got a silver rune of Zot
 45117 | Zot:1    | Entered Level 1 of the Realm of Zot
 45209 | Zot:1    | Identified the +0 ice dragon scales "Qetouvuj" {-Cast rF-
                  | rC++ rN+ Dex+5} (Okawaru gifted it to you on level 1 of the
                  | Realm of Zot)
 45209 | Zot:1    | Received a gift from Okawaru
 45211 | Zot:1    | Reached skill level 1 in Transmutations
 45212 | Zot:1    | Noticed a dread lich
 45216 | Depths:4 | Reached skill level 1 in Earth Magic
 45225 | Depths:4 | Reached skill level 1 in Spellcasting
 45381 | Arena    | Entered the Arena
 45382 | Arena    | Paralysed by a dread lich for 4 turns
 45389 | Arena    | Killed a dread lich
 46306 | D:10     | You paid a toll of +3 gold dragon scales to enter a
                  | treasure trove
 46307 | Trove    | Entered a treasure trove
 46336 | Trove    | Found the +0 staff of Battle
 48644 | Zot:2    | Reached XP level 25. HP: 253/255 MP: 33/33
 48922 | Zot:2    | Received a gift from Okawaru
 48922 | Zot:2    | Found the +5 robe of Night {Dark Will+ SInv}
 50905 | Zot:3    | Reached skill level 5 in Earth Magic
 50920 | Zot:3    | Reached skill level 5 in Transmutations
 51326 | Zot:4    | Identified the +1 chain mail of Ogitei {rPois rN+++ Regen+
                  | Dex-5}
 51394 | Zot:4    | Acquired 594 gold pieces
 51395 | Zot:4    | Acquired the +0 pair of gloves "Asuhi Supn" {rElec rPois
                  | Int+3 Dex+3}
 51409 | Zot:4    | Acquired the +15 Maxwell's patent armour {-Cast -Tele rElec
                  | Will+ rCorr}
 51409 | Zot:4    | Found the +15 Maxwell's patent armour {-Cast -Tele rElec
                  | Will+ rCorr}
 51469 | Zot:4    | Reached skill level 15 in Dodging
 51825 | Zot:4    | Received a gift from Okawaru
 52757 | Zot:5    | Entered Level 5 of the Realm of Zot
 53892 | Zot:5    | Noticed a dread lich
 53909 | Zot:5    | Killed a dread lich
 53914 | Zot:5    | Noticed an orb of fire
 53917 | Arena    | Entered the Arena
 53919 | Arena    | Gained mutation: Your body sometimes deteriorates upon
                  | taking damage. [an orb of fire]
 53928 | Arena    | Gained mutation: You are frail. (-10% HP) [an orb of fire]
 53947 | Arena    | Killed an orb of fire
 53959 | Zot:5    | Identified the +13 crystal plate armour of Hairiness {rC+
                  | Str+3 Dex+2} (Okawaru gifted it to you on level 5 of the
                  | Realm of Zot)
 53959 | Zot:5    | Received a gift from Okawaru
 54220 | Zot:5    | Noticed a Killer Klown
 54220 | Zot:5    | Noticed an orb of fire
 54221 | Arena    | Entered the Arena
 54227 | Arena    | Killed a Killer Klown
 54239 | Arena    | Entered the Arena
 54251 | Arena    | Killed an orb of fire
 54280 | Zot:5    | Noticed an ancient lich
 54292 | Zot:5    | Killed an ancient lich
 54317 | Zot:5    | Reached XP level 26. HP: 232/239 MP: 33/33
 54317 | Zot:5    | Noticed an orb of fire
 54318 | Arena    | Entered the Arena
 54318 | Arena    | Gained mutation: Your flesh is heat resistant. (rF+) [an
                  | orb of fire]
 54324 | Arena    | Gained mutation: You have hidden genetic defects. [an orb
                  | of fire]
 54339 | Arena    | Killed an orb of fire
 54351 | Zot:5    | Noticed an orb of fire
 54353 | Arena    | Entered the Arena
 54368 | Arena    | Killed an orb of fire
 54416 | Zot:5    | Noticed an orb of fire
 54417 | Arena    | Entered the Arena
 54436 | Arena    | Gained mutation: You sometimes lose your temper in combat.
                  | [an orb of fire]
 54441 | Arena    | Killed an orb of fire
 54727 | Zot:5    | Noticed an orb of fire
 54740 | Zot:5    | Gained mutation: You are very frail. (-20% HP) [an orb of
                  | fire]
 54746 | Zot:5    | Noticed an orb of fire
 54751 | Zot:5    | Killed an orb of fire
 54761 | Zot:5    | Gained mutation: You do not regenerate when monsters are
                  | visible. [an orb of fire]
 54767 | Zot:5    | Killed an orb of fire
 54793 | Zot:5    | Noticed a dread lich
 54809 | Zot:5    | Killed a dread lich
 55168 | Zot:4    | Lost mutation: You sometimes lose your temper in combat.
                  | [potion of mutation]
 55168 | Zot:4    | Lost mutation: Your flesh is heat resistant. (rF+) [potion
                  | of mutation]
 55168 | Zot:4    | Lost mutation: You are vulnerable to cold. (rC-) [potion of
                  | mutation]
 55169 | Zot:4    | Lost mutation: Your body sometimes deteriorates upon taking
                  | damage. [potion of mutation]
 55169 | Zot:4    | Lost mutation: You have sharp toenails. [potion of
                  | mutation]
 55169 | Zot:4    | Gained mutation: Your spells are a little harder to cast,
                  | but a little more powerful. [potion of mutation]
 55169 | Zot:4    | Gained mutation: You are agile. (Dex +4, Str/Int -1)
                  | [potion of mutation]
 55170 | Zot:4    | Lost mutation: You are agile. (Dex +4, Str/Int -1) [potion
                  | of mutation]
 55170 | Zot:4    | Lost mutation: You do not regenerate when monsters are
                  | visible. [potion of mutation]
 55170 | Zot:4    | Gained mutation: You are dopey. (Int -2) [potion of
                  | mutation]
 55170 | Zot:4    | Gained mutation: You have large cloven feet. [potion of
                  | mutation]
 55318 | Zot:5    | Reached skill level 27 in Shields
 55339 | Zot:5    | Gained mutation: Your magical capacity is low. (-10% MP)
                  | [hidden defects]
 55420 | Zot:5    | Noticed an orb of fire
 55424 | Arena    | Entered the Arena
 55424 | Arena    | Lost mutation: You are very frail. (-20% HP) [an orb of
                  | fire]
 55434 | Arena    | Killed an orb of fire
 56499 | Zot:5    | Got the Orb of Zot
 56743 | Depths:4 | Noticed Vaeru the pandemonium lord
 57137 | D:$      | Escaped with the Orb!

Illustrated notes

Levels and vault maps discovered:
D:1:      spicycebolla_green_bress_n_ham_2, layout_basic
D:2:      layout_loops_ring, kennysheep_generic_room_4
D:3:      layout_basic, serial_glass, glass_columns_a, glass_columns_a
D:4:      layout_rooms, uniq_edmund
D:5:      layout_loops_ring, minmay_temple_entry_mini_moons
D:6:      layout_loops_cross, grunt_temple_overflow_open, serial_undead,
          serial_undead_b, serial_undead_a, serial_undead_b, serial_undead_c,
          serial_undead_c, serial_undead_c, serial_undead_c, serial_undead_b,
          serial_undead_a, serial_undead_d, chequers_mini_garden,
          chequers_serial_rivers_micro_a, kennysheep_diamond, dk_noncrumbling_3,
          nicolae_elevator_lobby_plus
D:7:      layout_rooms, ashenzari_conservatory_becter, serial_bayou_lake_a
D:8:      layout_cave_pods, gammafunk_temple_overflow_arena, st_stairs_2,
          nicolae_kite_square_tiling_tiny, hangedman_abyss_or_decor_stabs,
          minmay_misc_feat_iff
D:9:      layout_gridville, erik_lair_island, uniq_harold
D:10:     layout_roguey [special_room_orc], orc_0_dummy, enter_bailey_2,
          nicolae_trove_entry_free_sample, serial_shops,
          nicolae_shop_advertising_works [nicolae_subvault_shop_adworks],
          nicolae_diode_intersection, uniq_grum, uniq_maggie, uniq_nergalle,
          uniq_snorg, uniq_urug
D:11:     layout_basic, hangedman_decor_opposing, hangedman_decor_riveting,
          minmay_unpleasant_kobolds
D:12:     layout_roguey, uniq_erolcha
D:13:     layout_gridville, dreamdust_looks_like_rain, uniq_azrael
D:14:     minmay_shrinking_squares, layout_long_grid,
          skrybe_vaults_entry_preservation, good_gods_temple_1,
          kennysheep_generic_room_12
D:15:     grunt_enter_depths_hoard, layout_basic,
          portal_ice_cave_entry_pillars_2, nicolae_looking_at_the_future
Temple:   sentei_temple_godly_chess
Lair:1:   layout_loops_ring, gammafunk_ghost_berserking_beasts
Lair:2:   layout_cave_pods, hellmonk_spider_entry_not_the_bees, ice2_lemuel
Lair:3:   layout_regular_city, elwin_shoals_entry_rooms,
          cheibrodos_lair_reptile_den, infiniplex_staircase_pool_2,
          lemuel_fruit_tree
Lair:4:   layout_loops_ring, chequers_serial_rivers_micro_e,
          minmay_lindwurm_lava, uniq_rupert
Lair:5:   gammafunk_lair_ancient_temple, layout_regular_city, slime_entry_1
Shoals:1: layout_shoals
Shoals:2: layout_shoals, serial_shops, shop
Shoals:3: layout_shoals, gammafunk_ghost_split, nicolae_shoals_kraken_party,
          uniq_ilsuiw
Shoals:4: shoals_end_hangedman, layout_shoals, shoal_ilsuiw,
          nicolae_shoals_bring_sunscreen, uniq_polyphemus
Spider:1: layout_spider_delve
Spider:2: spider_temple_joshua, uniq_arachne
Spider:3: layout_spider_delve, drop_trap, nicolae_spider_webs_and_nodes
Spider:4: grunt_spider_rune_circles
Orc:1:    layout_caves, basic_altar, nicolae_shop_vocational
Orc:2:    st_orc_open, layout_caves
Vaults:1: grunt_vaults_funnel, grunt_vaults_hallway_long, v_alt_pattern_1,
          vaults_room_octagon, special_room_vaults [special_room_orc],
          nicolae_vaults_three_branches, hangedman_vaults_stagger, v_pattern_4,
          vaults_mumra_hexcomb, dpeg_vaults_monster_box, vaults_mumra_chevron,
          layout_vaults_omnibox, serial_shops,
          nicolae_shop_bloodbath_and_beyond, shop
Vaults:2: nicolae_vaults_little_squares_3, minmay_crypt_entry_necro_gods,
          hangedman_vaults_slice, vaults_dpeg_encased_lava, vaults_dpeg_doors,
          nicolae_vaults_little_squares_3, nicolae_vaults_theta, v_misc_23,
          hangedman_vaults_corner_blocks, ontoclasm_vaults_chip, v_misc_3,
          layout_vaults_ring, serial_shops, nicolae_shop_trees
Vaults:3: portal_desolation_entry_nicolae_forbidding_blocks,
          nicolae_vaults_circle_grid_a, nicolae_vaults_stairing_the_circle,
          grunt_vaults_swirl, v_misc_28, vaults_mumra_hex, vaults_room_pool,
          grunt_vaults_twisty, layout_vaults_omnigrid, serial_shops,
          nicolae_shop_stone, uniq_boris, uniq_jory
Vaults:4: vaults_dpeg_cross, dpeg_vaults_monster_row, vaults_dpeg_ring,
          vaults_room_pools, st_octagons_2, hangedman_vaults_nails,
          ontoclasm_vaults_hangar, v_alt_pattern_1,
          hangedman_vaults_corner_blocks, vaults_mumra_minichess,
          nicolae_vaults_network_s, nicolae_vaults_twisting_passages,
          hangedman_vaults_corner, nicolae_vaults_little_squares_2,
          layout_vaults_maze_bifur, serial_shops, bzr_entry_lakeside
Vaults:5: serial_shops
Depths:1: minmay_the_grid_square_5x5_3x3 [minmay_the_grid_square_5x5_dogpile,
          minmay_the_grid_square_5x5_three_walls,
          minmay_the_grid_square_5x5_two_walls_b,
          minmay_the_grid_square_5x5_inner_z,
          minmay_the_grid_square_5x5_megaprize_checkered,
          minmay_the_grid_square_5x5_minimal, minmay_the_grid_square_5x5_lines,
          minmay_the_grid_square_5x5_c, minmay_the_grid_square_5x5_z],
          layout_cave_shapes, solitary_fountain, pf_vacation_house_of_asmodeus,
          nrook_pool_corridor
Depths:2: gammafunk_sealed_library, layout_gridlike, enter_ziggurat_c,
          doesnt_xom_only_xom, pan_entry, abyss_entry_crystal,
          hangedman_coc_ice_floe, uniq_vv, uniq_saint_roka, uniq_grunn,
          uniq_josephina
Depths:3: box_level_dp, serial_shops, hell_entry, abyss_entry
Depths:4: evilmike_zot_entry_round, layout_cave_pools, abyss_entry_glasseish,
          serial_column_ruins, column_ruins_corridor_straight,
          column_ruins_open_small, column_ruins_columns_corner,
          column_ruins_open_tiny, column_ruins_grid_2, column_ruins_grid_2,
          hell_entry, columned_hall_lemuel
Zot:1:    hangedman_zot_vaults_quadrants, layout_concentric_octagons
Zot:2:    layout_concentric_octagons
Zot:3:    layout_concentric_octagons
Zot:4:    layout_gridlike, drop_trap
Zot:5:    layout_basic, st_stairs_5

Skill      XL: |  1  2  3  4  5  6  7  8  9 10 11 12 13 14 15 16 17 18 19 20 21 22 23 24 25 26 |
---------------+-------------------------------------------------------------------------------+-----
Axes           | 3 4 5 6 7 9 10 12 14 15 16 | 16.0
Armour         | 4 5 6 7 8 9 10 11 13 14 16 19 21 22 24 25 27 | 27.0
Fighting       | 4 5 6 7 8 9 10 11 13 14 16 19 20 21 22 23 25 27 | 27.0
Shields        | 4 5 6 7 8 9 10 11 13 14 15 16 17 19 22 25 26 27 | 27.0
Invocations    | 1 3 4 5 7 8 9 10 12 15 | 15.0
Polearms       | 7 9 |  9.7
Dodging        | 2 8 10 12 17 19 | 19.2
Evocations     | 4 |  4.2
Transmutations | 3 5 |  5.0
Earth Magic    | 3 5 |  5.0
Spellcasting   | 3 |  3.0

Action                     |  1- 3 |  4- 6 |  7- 9 | 10-12 | 13-15 | 16-18 | 19-21 | 22-24 | 25-27 || total
---------------------------+-------+-------+-------+-------+-------+-------+-------+-------+-------++-------
  Melee: War axe           |   103 |    70 |   281 |   518 |    39 |       |       |       |       ||  1011
         Headbutt          |    12 |     8 |    49 |    97 |   169 |   290 |   339 |   539 |   345 ||  1848
         Whip              |       |       |       |     6 |       |       |       |       |       ||     6
         Demon trident     |       |       |       |       |   766 |  1533 |  1132 |  1648 |  1036 ||  6115
         Broad axe         |       |       |       |       |       |    38 |    51 |    44 |       ||   133
 Invoke: Heroism           |       |       |       |     7 |    10 |     8 |     6 |     7 |       ||    38
         Finesse           |       |       |       |     5 |    10 |     8 |     6 |     6 |       ||    35
         Duel              |       |       |       |       |       |       |       |     4 |     7 ||    11
  Evoke: Wand              |       |       |     5 |       |       |       |       |       |       ||     5
    Use: Scroll            |       |       |    17 |     6 |    12 |     5 |     1 |     9 |    13 ||    63
         Potion            |       |       |       |     1 |       |     3 |     2 |     6 |    11 ||    23
   Stab: Distracted        |       |       |       |       |       |     1 |       |     1 |       ||     2
         Invisible         |       |       |       |       |       |       |       |     1 |       ||     1
 Armour: Scale mail        |    44 |       |       |       |       |       |       |       |       ||    44
         Plate armour      |    12 |    58 |   221 |   288 |   337 |   383 |   241 |   634 |   265 ||  2439
         Chain mail        |       |       |       |       |       |   239 |    13 |       |       ||   252
         Crystal plate arm |       |       |       |       |       |       |       |       |     5 ||     5
  Dodge: Dodged            |    40 |    18 |    85 |   168 |   222 |   371 |   254 |   476 |   261 ||  1895
         Repelled          |       |       |       |       |     3 |       |       |       |       ||     3
  Block: Buckler           |    22 |       |       |       |       |       |       |       |       ||    22
         Kite shield       |    10 |    40 |   144 |   379 |   521 |  1178 |   128 |       |       ||  2400
         Reflection        |       |       |       |     5 |    20 |    71 |    72 |    51 |    18 ||   237
         Tower shield      |       |       |       |       |       |       |   714 |  1571 |   888 ||  3173

Table legend: (Time is in decaauts)
 A = Elapsed time spent in this place.
 B = Non-inter-level travel time spent in this place.
 C = Inter-level travel time spent in this place.
 D = Time resting spent in this place.
 E = Time spent auto-exploring this place.
 F = Levels seen in this place.
 G = Mean time per level.
                   A        B        C        D        E       F      G
               +--------+--------+--------+--------+--------+-----+--------+
         Total |  55252 |  49281 |   5971 |   6495 |  31021 |  61 |  905.8 |
       Dungeon |  13524 |  10799 |   2725 |    272 |   8044 |  15 |  901.6 |
        Temple |     17 |     12 |      5 |      0 |      3 |   1 |   17.0 |
          Lair |   5068 |   4608 |    460 |    233 |   3214 |   5 | 1013.6 |
        Shoals |   4213 |   4038 |    175 |    649 |   2368 |   4 | 1053.2 |
   Spider Nest |   5410 |   5206 |    204 |   1626 |   2729 |   4 | 1352.5 |
  Orcish Mines |   1827 |   1631 |    196 |    389 |    869 |   2 |  913.5 |
        Vaults |   7705 |   6645 |   1060 |    454 |   4361 |   5 | 1541.0 |
        Depths |   5893 |   5263 |    630 |   1042 |   2799 |   4 | 1473.2 |
           Zot |   9031 |   8519 |    512 |   1495 |   5435 |   5 | 1806.2 |
        Bazaar |     34 |     34 |      0 |      0 |     28 |   1 |   34.0 |
         Trove |     67 |     67 |      0 |      0 |     28 |   1 |   67.0 |
        Bailey |    713 |    713 |      0 |    125 |    386 |   1 |  713.0 |
      Ice Cave |    704 |    704 |      0 |    100 |    375 |   1 |  704.0 |
    Desolation |    797 |    797 |      0 |     93 |    380 |   1 |  797.0 |
         Arena |    243 |    243 |      0 |     17 |      0 |  11 |   22.1 |
               +--------+--------+--------+--------+--------+-----+--------+

Top non-repeatable levels by time:
   Zot:5: 2855 daAuts
   Zot:4: 2162 daAuts
Vaults:5: 2041 daAuts
Depths:3: 1690 daAuts
Depths:4: 1684 daAuts
Spider:4: 1657 daAuts
Vaults:3: 1585 daAuts
Spider:2: 1572 daAuts
Vaults:4: 1506 daAuts
Vaults:1: 1488 daAuts
    D:10: 1405 daAuts
   Zot:3: 1390 daAuts
    D:14: 1389 daAuts
Depths:2: 1381 daAuts
Spider:1: 1372 daAuts
